 Dungeon Crawl Stone Soup version 0.20-a0-464-g526fb3c (webtiles) character file.

60 kuniqs the Skirmisher (level 4, -3/37 HPs)
             Began as a Barachian Fighter on Jan 11, 2017.
             Slain by Sigmund
             ... wielding a +0 scythe
              (7 damage)
             ... on level 2 of the Dungeon.
             The game lasted 00:02:31 (1349 turns).

kuniqs the Skirmisher (Barachian Fighter)           Turns: 1349, Time: 00:02:31

Health: -3/37      AC:  6    Str: 15    XL:     4   Next: 6%
Magic:  4/4        EV:  8    Int:  6    God:
Gold:   77         SH:  8    Dex: 10    Spells: 3/3 levels left

rFire  + . .     SeeInvis .     a - +0 long sword
rCold  + . .     Gourm    .     l - +0 ring mail
rNeg   . . .     Faith    .     c - +0 shield
rPois  +         Spirit   .     (no helmet)
rElec  +         Reflect  .     o - +0 cloak
rCorr  +         Harm     .     (no gloves)
MR     .....                    (no boots)
Stlth  ..........               (no amulet)
                                (no ring)
                                (no ring)

@: resistant, very slightly contaminated, slow
A: swims, slowness 1, strong legs 1
a: Hop


You were on level 2 of the Dungeon.
You were not hungry.

You visited 1 branch of the dungeon, and saw 2 of its levels.

You collected 77 gold pieces.

Inventory:

Hand Weapons
 a - a +0 long sword (weapon)
Armour
 c - a +0 shield (worn)
 l - a +0 ring mail (worn)
 o - a +0 cloak (worn)
Jewellery
 e - an uncursed amulet of faith
 h - an uncursed amulet of regeneration {unknown}
Scrolls
 b - 2 scrolls of remove curse {@r2}
 g - a scroll of magic mapping {unknown}
 k - a scroll of immolation {unknown}
 m - 2 scrolls of teleportation
Potions
 f - a potion of might
Comestibles
 d - 2 bread rations
 j - 2 royal jellies
 n - a beef jerky
 p - a slice of pizza
 s - 4 chunks of flesh


   Skills:
 + Level 4.0 Fighting
 + Level 2.9 Long Blades
 + Level 3.6 Armour
 + Level 1.0 Dodging
 + Level 3.3 Shields


You had 3 spell levels left.
You didn't know any spells.

Dungeon Overview and Level Annotations

Branches:
Dungeon (2/15)

Altars:

Annotations:
D:2 Sigmund


Innate Abilities, Weirdness & Mutations

You can swim through water.
You cover ground slowly.
You can hop short distances.


Message History

The goblin hits you but does no damage.
You closely miss something. The goblin hits you but does no damage.
You closely miss something.
You hear some strange, mumbled words.
A puff of flame appears from out of thin air!
The puff of flame hits you! You resist.
You hit something but do no damage. You block the goblin's attack.
You hear some strange, mumbled words.
A magic dart appears from out of thin air!
The magic dart hits you!
You closely miss something.
You feel yourself slow down. The goblin hits you but does no damage.
Something hits you but does no damage.
You barely miss something. The goblin hits you but does no damage.
You miss something. Something hits you!
* * * LOW HITPOINT WARNING * * *
The goblin barely misses you.
You riposte.
You slash the goblin!
You kill the goblin!
You miss something. Something hits you!
You die...

### ###### .. ...[+
#. #..# #.####..#
#...).#.# ######
#..{†.#.##......
##..@.#..'......
#....#.##......
#....#.##.....
#....#.#......
.....#.#.# ##
##...##...###########
....................
#.#.#.##..#########.#
#.#.#.###.## #.#


There were no monsters in sight!

Vanquished Creatures
  2 adders (D:2)
  An ooze (D:1)
  2 dart slugs
  A bat (D:2)
  9 goblins
  5 hobgoblins (D:1)
  3 jackals (D:2)
  A quokka (D:2)
  4 kobolds (D:1)
  4 rats (D:1)
32 creatures vanquished.

Notes
Turn   | Place    | Note
-------+----------+-------------------------------------------
     0 | D:1      | kuniqs the Barachian Fighter began the quest for the Orb.
     0 | D:1      | Reached XP level 1. HP: 18/18 MP: 1/1
   327 | D:1      | Reached XP level 2. HP: 12/24 MP: 2/2
   723 | D:1      | Reached XP level 3. HP: 30/30 MP: 3/3
  1226 | D:2      | Reached skill level 4 in Fighting
  1229 | D:2      | Reached skill level 1 in Dodging
  1229 | D:2      | Reached XP level 4. HP: 31/37 MP: 4/4
  1308 | D:2      | Noticed Sigmund
  1349 | D:2      | Slain by Sigmund

Vault maps used:
D:1:      dpeg_arrival_leaves_temple_mockup
D:2:      fedhas_altar_1, uniq_sigmund

Skill      XL: |  1  2  3 |
---------------+----------+-----
Fighting       | 4 |  4.0
Dodging        | 1 |  1.0
Long Blades    | |  2.9
Armour         | |  3.6
Shields        | |  3.3

Action                   |  1- 3 |  4- 6 || total
-------------------------+-------+-------++-------
Melee: Long sword        |   111 |    25 ||   136
  Use: Potion            |       |     4 ||     4
       Scroll            |       |     2 ||     2
  Eat: Chunk             |     2 |       ||     2
Armor: Ring mail         |    54 |    16 ||    70
       Scale mail        |     5 |       ||     5
Dodge: Dodged            |    37 |    12 ||    49
Block: Shield            |    54 |     7 ||    61
       Rpst.: Long sword |    11 |     5 ||    16
